 Dungeon Crawl Stone Soup version 0.19-a0-1225-gf887c1c (webtiles) character file.

8 glosham the Ducker (level 2, -10/16 HPs)
             Began as a Spriggan Abyssal Knight on Aug 25, 2016.
             Was an Initiate of Jiyva.
             Mangled by a small abomination (13 damage)
             ... on level 1 of the Dungeon.
             The game lasted 00:09:02 (498 turns).

glosham the Ducker (Spriggan Abyssal Knight)         Turns: 498, Time: 00:09:03

Health: -10/16     AC:  7    Str:  3    XL:     2   Next: 0%
Magic:  4/4        EV: 19    Int: 13    God:    Jiyva [......]
Gold:   58         SH:  0    Dex: 17    Spells: 0 memorised, 1 level left

rFire  . . .     SeeInvis +     a - +1 short sword
rCold  . . .     Gourm    .     b - +1 robe
rNeg   . . .     Faith    .     (shield restricted)
rPois  .         Spirit   .     (helmet restricted)
rElec  +         Dismiss  .     (no cloak)
rCorr  .         Reflect  .     (gloves unavailable)
MR     +....     Harm     .     (boots unavailable)
Stlth  +++.......               (no amulet)
                                (no ring)
                                A - ring "Peixys" {rElec MR+ AC+4 Str-5 Dex+2}

@: very quick
A: unfitting armour, see invisible, herbivore 3, speed 3, slow metabolism 2
a: Renounce Religion


You were on level 1 of the Dungeon.
You worshipped Jiyva.
Jiyva was noncommittal.
You were not hungry.

You visited 1 branch of the dungeon, and saw 1 of its levels.
You visited the Abyss 1 time.

You collected 58 gold pieces.

Inventory:

Hand Weapons
 a - a +1 short sword (weapon)
Armour
 b - a +1 robe (worn)
Jewellery
 A - the ring "Peixys" (left hand) {rElec MR+ AC+4 Str-5 Dex+2}
   (You found it on level 2 of the Abyss)

   [ring of protection]

   It affects your AC (+4).
   It affects your strength (-5).
   It affects your dexterity (+2).
   It insulates you from electricity.
   It affects your resistance to hostile enchantments.
Potions
 e - a potion of mutation {unknown}
Books
 d - a book of the Earth

   Spells                             Type                      Level
   a - Leda's Liquefaction            Hexes/Earth                  4
   b - Bolt of Magma                  Conjuration/Fire/Earth       5
   c - Statue Form                    Transmutation/Earth          6
   d - Iron Shot                      Conjuration/Earth            6
   e - Shatter                        Earth                        9
Comestibles
 c - a bread ration


   Skills:
 - Level 2.4 Fighting
 - Level 2.1 Short Blades
 - Level 3.5 Dodging
 + Level 2.7 Stealth
   Level 1.7 Invocations


You had one spell level left.
You didn't know any spells.

Dungeon Overview and Level Annotations

Branches:
Dungeon (1/15)

Altars:


Innate Abilities, Weirdness & Mutations

You are tiny and cannot use many weapons and most armour.
You have supernaturally acute eyesight. (SInv)
You are a herbivore.
You cover ground extremely quickly.
You need consume almost no food.


Message History

You kill the bat!
Your Stealth skill increases to level 2!
Found a dagger.
A rat comes into view.
Found a hand axe.
You closely miss the rat. The rat barely misses you.
You hit the rat.
You kill the rat!
You see here a rat corpse.
A giant cockroach and a hobgoblin come into view.
The hobgoblin shouts!
A goblin comes into view. It is wielding a club.
A ball python comes into view.
The goblin shouts!
The ball python hisses angrily.
The goblin barely misses you.
You closely miss the goblin. You hit the goblin.
The goblin is severely wounded.
The goblin closely misses you.
You hit the goblin but do no damage.
The goblin is severely wounded.
The goblin barely misses you.
You closely miss the goblin.
The goblin is severely wounded.
The goblin misses you. The small abomination hits you!
Ouch! That really hurt!
* * * LOW HITPOINT WARNING * * *
You hit the goblin.
You kill the goblin!
The small abomination closely misses you.
You hit the ball python.
The ball python is heavily wounded.
The ball python misses you. The ball python closely misses you.
The small abomination misses you.
You hit the ball python.
You kill the ball python!
You have reached level 2!
The small abomination hits you!
Ouch! That really hurt!
You die...

### #..#.#≈...≈#.#..##..#
#...
..###.#.#.≈≈≈≈≈.#.#.##..#
#...
#..x#..#.#.#.#.#.#..##..#
####
###...#.#.#.#.#.#.#.##..#
###...............##..#
####.###.#########..#
#..##.# #..#
#########.##.#########..
...............x@)......
...#.....g.#.#########.#
##.#.#####.#.##### #x#.#
#.#.....## #.#.#
#.#....... #.#)#
#.#.....## #.#.#
#.#.......
#.#.#####.#.....#
#....x.##.#.....#.


You could see a small abomination and a hobgoblin.

Vanquished Creatures
  A ball python (D:1)
  2 bats (D:1)
  2 goblins (D:1)
  2 rats (D:1)
7 creatures vanquished.

Vanquished Creatures (others)
  A jelly (Abyss:2)
1 creature vanquished.

Grand Total: 8 creatures vanquished

Notes
Turn   | Place    | Note
-------+----------+-------------------------------------------
     0 | Abyss:1  | glosham the Spriggan Abyssal Knight began the quest for the Orb.
     0 | Abyss:1  | Reached XP level 1. HP: 11/11 MP: 3/3
    39 | Abyss:1  | Noticed a raiju
    51 | Abyss:2  | Found a viscous altar of Jiyva.
    56 | Abyss:2  | Fell from the grace of Lugonu
    56 | Abyss:2  | Became a worshipper of Jiyva Joumacop the Shapeless
    87 | Abyss:2  | Noticed a large abomination
   124 | Abyss:2  | Noticed an apocalypse crab
   126 | Abyss:2  | Noticed a large abomination
   136 | Abyss:2  | Noticed a small abomination
   172 | Abyss:2  | Got a brightly glowing glass ring
   173 | Abyss:2  | Identified the ring "Peixys" {rElec MR+ AC+4 Str-5 Dex+2} (You found it on level 2 of the Abyss)
   237 | Abyss:3  | Noticed a neqoxec
   242 | Abyss:3  | Noticed a giant orange brain
   248 | Abyss:4  | Noticed a neqoxec
   248 | Abyss:4  | Noticed a thorn hunter
   249 | Abyss:4  | Noticed a small abomination
   279 | Abyss:4  | Noticed a raiju
   306 | Abyss:4  | Noticed a small abomination
   311 | D:1      | Escaped the Abyss
   338 | D:1      | Reached skill level 1 in Stealth
   462 | D:1      | Reached skill level 2 in Stealth
   498 | D:1      | Reached XP level 2. HP: 3/16 MP: 4/4
   498 | D:1      | Mangled by a small abomination

Vault maps used:
D:1:      ncdulo_watergridlock
Abyss:4:  lemuel_flamethrower_2, nicolae_abyss_rune_left_handed,
          evilmike_abyss_exit_glass

Skill      XL: |  1 |
---------------+----+-----
Stealth        | 2 |  2.7
Fighting       | |  2.4
Short Blades   | |  2.1
Dodging        | |  3.5
Invocations    | |  1.7

Action                   || total
-------------------------++-------
Melee: Short sword       ||    16
  Use: Scroll            ||     3
 Stab: Sleeping          ||     1
Armor: Robe              ||     1
Dodge: Dodged            ||    14

Table legend:
 A = Turns spent in this place as a percentage of turns spent in the entire game.
 B = Non-inter-level travel turns spent in this place as a percentage of non-inter-level travel turns spent in the entire game.
 C = Inter-level travel turns spent in this place as a percentage of turns spent in this place.
 D = Turns resting spent in this place as a percentage of non-inter-level travel turns spent in this place.
 E = Turns spent auto-exploring this place as a percentage of non-inter-level travel turns spent in this place.
 F = Non-inter-level travel turns spent in this place divided by the number of levels of this place that you've seen.
                   A       B       C       D       E      F
               +-------+-------+-------+-------+-------+----------------------
         Total | 100.0 | 100.0 |   0.0 |   0.0 |   0.0 |  97.6
       Dungeon |  34.4 |  34.4 |   0.0 |   0.0 |   0.0 | 168.0
         Abyss |  65.6 |  65.6 |   0.0 |   0.0 |   0.0 |  80.0
               +-------+-------+-------+-------+-------+----------------------

Table legend:
 A = Kills in this place as a percentage of kills in entire the game.
 B = Kills by you in this place as a percentage of kills by you in the entire game.
 C = Kills by friends in this place as a percentage of kills by friends in the entire game.
 D = Other kills in this place as a percentage of other kills in the entire game.
 E = Experience gained in this place as a percentage of experience gained in the entire game.
 F = Experience gained in this place divided by the number of levels of this place that you have seen.
                   A       B       C       D       E      F
               +-------+-------+-------+-------+-------+----------------------
         Total | 100.0 | 100.0 |  -nan |  -nan | 100.0 |   2.4
       Dungeon | 100.0 | 100.0 |  -nan |  -nan | 100.0 |  12.0
               +-------+-------+-------+-------+-------+----------------------

Vault maps used:
D:1:      ncdulo_watergridlock
Abyss:4:  lemuel_flamethrower_2, nicolae_abyss_rune_left_handed,
          evilmike_abyss_exit_glass
